 Dungeon Crawl Stone Soup version 0.21.1-1-g345015f (webtiles) character file.

22 inc the Vexing (level 2, 0/12 HPs)
             Began as a Felid Enchanter on Feb 22, 2018.
             Slain by an adder (2 damage)
             ... on level 2 of the Dungeon.
             The game lasted 00:01:44 (962 turns).

inc the Vexing (Felid Enchanter)                     Turns: 962, Time: 00:01:45

Health: 0/12       AC:  1    Str:  4    XL:     2   Next: 68%
Magic:  1/6        EV: 18    Int: 16    God:
Gold:   58         SH:  0    Dex: 16    Spells: 2/5 levels left
                                        Lives:  0   Deaths: 0

rFire    . . .     SeeInvis +     - Unarmed
rCold    + . .     Gourm    .   (shield unavailable)
rNeg     . . .     Faith    .   (armour unavailable)
rPois    .         Spirit   .   (helmet unavailable)
rElec    .         Reflect  .   (cloak unavailable)
rCorr    .         Harm     .   (gloves unavailable)
MR       .....                  (boots unavailable)
Stlth    +++.......             (no amulet)
HPRegen  0.04/turn              g - ring of protection from cold
MPRegen  0.10/turn              (no ring)

@: quick
A: very small, no armour, no weapons or thrown items, stealth, claws 1, fangs 3,
see invisible, carnivore, speed 1, shaggy fur 1, slow metabolism 1, sharp paws
a: no special abilities


You were on level 2 of the Dungeon.
You were very full.

You visited 1 branch of the dungeon, and saw 2 of its levels.

You collected 58 gold pieces.

Inventory:

Jewellery
 g - a ring of protection from cold (left paw)
Scrolls
 c - a scroll of enchant armour {unknown}
 h - a scroll of teleportation {unknown}
Potions
 d - 2 potions of agility {unknown}
 e - a potion of flight {unknown}
 f - a potion of haste {unknown}
Books
 a - a book of Maledictions

   Spells                             Type                      Level
   a - Corona                         Hexes                        1
   b - Ensorcelled Hibernation        Hexes/Ice                    2
   c - Confuse                        Hexes                        3
   d - Tukima's Dance                 Hexes                        3
   e - Dazzling Spray                 Conjuration/Hexes            3
Comestibles
 b - 3 rations


   Skills:
 + Level 1.4 Fighting
 - Level 2.6 Dodging
 - Level 4.0 Stealth
 - Level 2.1 Unarmed Combat
 - Level 2.0 Spellcasting
 - Level 4.4 Hexes


You had 2 spell levels left.
You knew the following spells:

 Your Spells              Type           Power        Failure   Level  Hunger
a - Corona                Hex            ###....      3%          1    #......
b - Ensorcelled Hibernat  Hex/Ice        #.....       13%         2    ###....


Dungeon Overview and Level Annotations

Branches:
Dungeon (2/15)

Altars:


Innate Abilities, Weirdness & Mutations

You cannot wear armour.
You are incapable of wielding weapons or throwing items.
Your paws allow you to move quietly. (Stealth)
You have sharp claws.
You have razor-sharp teeth.
You have supernaturally acute eyesight. (SInv)
You are carnivorous and can eat meat at any time.
You cover ground quickly.
You are covered in fur. (AC +1)
You have a slow metabolism.
Your sharp claws are effective at attacking unaware monsters.


Message History

You scratch the adder but do no damage.
The adder is moderately wounded.
The adder closely misses you. x2
You miss the adder.
The adder is moderately wounded.
The adder bites you.
* * * LOW HITPOINT WARNING * * *
You scratch the adder. You bite the adder.
The adder is heavily wounded.
The adder bites you but does no damage.
You miss the adder.
The adder is heavily wounded.
The adder completely misses you.
You scratch the adder but do no damage.
The adder is heavily wounded.
The adder completely misses you. The adder barely misses you.
You barely miss the adder.
The adder is heavily wounded.
The adder bites you.
You die...

#..#.....##.#
...#.###.##.###
#....#........#
.....#.###..#.#
... ...#......#
#.. ..#.#.###..#
##...##...#....#
.......<#.#..#S#
#########....#@#
####.#†# ..#.#
.##.# .. #.# .#
#.# #.# #..


You could see an adder.

Vanquished Creatures
  An adder (D:2)
  A dart slug (D:2)
  A goblin (D:1)
  A hobgoblin (D:1)
  3 jackals (D:1)
  A bat (D:1)
  2 frilled lizards
  2 rats (D:1)
12 creatures vanquished.

Vanquished Creatures (others)
  4 toadstools (D:1)
4 creatures vanquished.

Grand Total: 16 creatures vanquished

Notes
Turn   | Place    | Note
-------+----------+-------------------------------------------
     0 | D:1      | inc the Felid Enchanter began the quest for the Orb.
     0 | D:1      | Reached XP level 1. HP: 7/7 MP: 4/4
   493 | D:1      | Reached XP level 2. HP: 4/11 MP: 6/6
   943 | D:2      | Reached skill level 1 in Fighting
   947 | D:2      | Learned a level 2 spell: Ensorcelled Hibernation
   962 | D:2      | Slain by an adder

Skill      XL: |  1  2 |
---------------+-------+-----
Unarmed Combat | 2 |  2.1
Fighting       | 1 |  1.4
Dodging        | |  2.6
Stealth        | |  4.0
Spellcasting   | |  2.0
Hexes          | |  4.4

Action                   || total
-------------------------++-------
Melee: Unarmed           ||    55
       Bite              ||     5
 Cast: Corona            ||     2
       Ensorcelled Hiber ||     3
 Stab: Sleeping          ||     3
  Eat: Chunk             ||     6
Armor: Skin              ||     4
Dodge: Dodged            ||    52
